 Dungeon Sprint DCSS version 0.30.1-9-gdf580d7c3d (webtiles) character file.

Game seed: 4918380063462953349

67389 Heoruswealwe the Minotaur Porcupine (level 14, -5/157 HPs)
             Began as a Minotaur Fighter on Oct 13, 2023.
             Was an Initiate of Gozag.
             Slain by a spriggan berserker
             ... wielding a +0 broad axe
              (11 damage)
             ... in the Dungeon (Sprint IX: "|||||||||||||||||||||||||||||").
             The game lasted 00:36:25 (4457 turns).

Heoruswealwe the Minotaur Porcupine (MiFi)          Turns: 4457, Time: 00:36:25

Health: -5/157     AC: 38    Str: 27    XL:     14   Next: 82%
Magic:  13/13      EV: 12    Int: 13    God:    Gozag
Gold:   8682       SH:  0    Dex:  9    Spells: 13/13 levels left

rFire   + . .        b - +7 bardiche (heavy)
rCold   + . .        (shield currently unavailable)
rNeg    + . .        c - +4 plate armour {rN+}
rPois   +            (helmet restricted)
rElec   +            h - +1 cloak
rCorr   +            f - +1 pair of gloves
SInv    .            e - +2 pair of boots {rampage}
Will    +....        (no amulet) Stlth
                     (no ring)
HPRegen 0.46/turn    j - ring "Mammergh" {rElec rCorr AC+4 Int+8}
MPRegen 0.13/turn

%: no teleportation, rampage
@: resistant, gold aura, hasted (expiring), studying Conjurations, very quick
A: horns 2, retaliatory headbutt
a: Renounce Religion, Potion Petition, Call Merchant, Bribe Branch


You were in the Dungeon.
You worshipped Gozag.
Gozag was greatly pleased with you.
You visited 1 branch You collected 16501 gold pieces.
You spent 5563 gold pieces at shops.
You paid 2256 gold pieces to Gozag.

Inventory:

Hand Weapons
 a - a +0 trident
 b - a +7 heavy bardiche (weapon)
Armour
 c - a +4 plate armour of positive energy (worn)
 d - a +0 kite shield
 e - a +2 pair of boots of rampaging (worn)
 f - a +1 pair of gloves (worn)
 h - a +1 cloak (worn)
Jewellery
 j - the ring "Mammergh" (right hand) {rElec rCorr AC+4 Int+8}
   (You acquired it in the Dungeon)

   [ring of protection]

   AC:        It affects your AC (+4).
   Int:       It affects your intelligence (+8).
   rElec:     It insulates you from electricity.
   rCorr:     It protects you from acid and corrosion.
 k - the ring "Ceink" {rPois rF- Str+2 Slay+6}
   (You bought it in a shop in the Dungeon)

   [ring of poison resistance]

   Str:       It affects your strength (+2).
   Slay:      It affects your accuracy & damage with ranged weapons and melee
   (+6).
   rF:        It makes you vulnerable to fire.
   rPois:     It protects you from poison.
 x - a ring of protection from cold
 y - a ring of resist corrosion
Wands
 i - a wand of mindburst (3)
 m - a wand of light (17)
Scrolls
 u - a scroll of silence
Potions
 g - a potion of haste
 n - 3 potions of mutation
 p - 2 potions of lignification {unknown}
 r - a potion of cancellation {unknown}
Miscellaneous
 t - a phial of floods
 w - a piece from Xom's chessboard (15/15)


   Skills:
 + Level 23.5 Fighting
 O Level 27 Polearms
 + Level 23.5 Armour
 + Level 12.3 Dodging
 + Level 13.8 Shields
 + Level 10.4 Evocations


You had 13 spell levels left.
You didn't know any spells.
Your spell library contained the following spells:

 Spells                   Type           Power      Damage    Failure   Level
 Anguish                  Hex/Necr       0%         N/A       100%        4
 Cause Fear               Hex            0%         N/A       100%        4
 Enfeeble                 Hex            0%         N/A       100%        7


Dungeon Overview and Level Annotations

Branches:
Dungeon (1/1)

Altars:
Cheibriados
Dithmenos
Elyvilon
Fedhas
Gozag
Hepliaklqana
Kikubaaqudgha
Makhleb
Nemelex Xobeh
Okawaru
Qazlal
Ru
Sif Muna
Trog
Uskayaw
Vehumet
Wu Jian
Xom
Yredelemnul
Zin
The Shining One
Jiyva
Lugonu

Shops:
D :[**=*


Innate Abilities, Weirdness & Mutations

You have a pair of horns on your head.
You reflexively headbutt those who attack you in melee.


Message History

The tengu reaver blocks your attack.
The tengu reaver is heavily wounded.
The tengu reaver closely misses you.
The tengu reaver pecks you but does no damage.
The tengu reaver claws you but does no damage.
The spriggan berserker invokes Trog's protection!
You slice the tengu reaver like a ripe choko!!!!
You kill the tengu reaver!
The polar bear rages.
The spriggan berserker utters an invocation to Trog.
The spriggan berserker goes berserk!
You hit the purple very ugly thing.
The purple very ugly thing is lightly wounded.
The purple very ugly thing tail-slaps you!
* * * LOW HITPOINT WARNING * * *
Unknown command.
You slice the purple very ugly thing!!
You headbutt the purple very ugly thing.
The purple very ugly thing is heavily wounded.
The purple very ugly thing barely misses you.
You furiously retaliate!
You headbutt the purple very ugly thing!
Okay, then.
You slash the purple very ugly thing!
The purple very ugly thing is severely wounded.
Okay, then.
You slice the purple very ugly thing like a ripe choko!!!!
You kill the purple very ugly thing!
The spriggan berserker is distracted by your dazzling golden aura.
The spriggan berserker shouts!
Reach: b) +7 bardiche (heavy)
Press: ? - help, Dir - move target, f - spriggan berserker
Aim: a spriggan berserker, wielding a +0 broad axe and wearing a +0 animal skin (berserk, regenerating, strong-willed, about 42% to evade your +7 heavy bardiche)
You reach to attack!
You closely miss the spriggan berserker.
The spriggan berserker is no longer distracted by gold.
Your extra speed is starting to run out.
The spriggan berserker hits you with a +0 broad axe!
You die...
Your body crumbles into a pile of gold.

▓.▓▓▓▓▓▓▓▓▓▓▓▓▓▓▓▓
▓.........'.==..))
▓▓▓▓▓▓▓▓▓▓▓▓▓▓▓▓▓▓
▓.................
▓.▓▓▓▓▓▓▓▓▓▓▓▓▓▓▓▓
▓..............)')
▓▓▓▓▓▓▓▓▓▓▓▓▓▓▓▓▓▓
▓..........[......
▓@▓▓▓▓▓▓▓▓▓▓▓▓▓▓▓▓
▓.i.Yh..........$.
▓▓▓▓▓▓▓▓▓▓▓▓▓▓▓▓▓▓


You could see a death yak (summoned, berserk), a spriggan berserker (berserk,
regenerating, strong-willed) and a polar bear (summoned, berserk).

Vanquished Creatures
  Rupert (D)
  Donald (D)
  A tengu reaver (D)
  A fenstrider witch (D)
  2 fire giants (D)
  Aizul (D)
  A frost giant (D)
  An emperor scorpion (D)
  3 stone giants (D)
  A very ugly thing (D)
  2 dire elephants (D)
  Azrael (D)
  2 spark wasps (D)
  2 ettins (D)
  An entropy weaver (D)
  A rakshasa (D)
  4 hydras (D)
  A fire dragon (D)
  2 ice dragons (D)
  2 anacondas (D)
  A two-headed ogre (D)
  2 boulder beetles (D)
  An alligator (D)
  A tengu warrior (D)
  A deep troll earth mage (D)
  A deep troll shaman (D)
  A naga warrior (D)
  2 orc high priests (D)
  A naga sharpshooter (D)
  2 spriggan berserkers (D)
  A spriggan (D)
  A skyshark (D)
  A pharaoh ant (D)
  A goliath frog (D)
  A sea snake (D)
  A swamp dragon (D)
  2 glowing orange brains (D)
  A deep elf pyromancer (D)
  A wolf spider (D)
  10 orc knights (D)
  3 ugly things (D)
  A will-o-the-wisp (D)
  7 elephants (D)
  3 manticores (D)
  2 cyclopes (D)
  2 guardian serpents (D)
  2 black mambas (D)
  Maurice (D)
  Joseph (D)
  A cane toad (D)
  A torpor snail (D)
  3 komodo dragons (D)
  2 trolls (D)
  A tengu conjurer (D)
  A hornet (D)
  2 merfolk (D)
  A tarantella (D)
  A wind drake (D)
  2 snapping turtles (D)
  A blink frog (D)
  A culicivora (D)
  2 yaks (D)
  A wyvern (D)
  3 fire elementals (D)
  A naga (D)
  2 hell hounds (D)
  3 water moccasins (D)
  An ice beast (D)
  16 orc warriors (D)
  A wolf (D)
  A centaur (D)
  3 bullfrogs (D)
  A howler monkey (D)
  A hound (D)
  4 orc priests (D)
  An iguana (D)
  4 orc wizards (D)
  A dart slug (D)
  7 orcs (D)
  A bat (D)
  An endoplasm (D)
  A kobold (D)
  A frilled lizard (D)
  A rat (D)
161 creatures vanquished.

Notes
Turn   | Place    | Note
-------+----------+-------------------------------------------
     0 | D        | Heoruswealwe the Minotaur Fighter began the quest for the
                  | Orb.
     0 | D        | Reached XP level 1. HP: 19/19 MP: 0/0
     9 | D        | Reached skill level 3 in Polearms
    23 | D        | Noticed a hound
    23 | D        | Noticed an iguana
    23 | D        | Noticed an ice beast
    32 | D        | Killed a hound
    33 | D        | Reached skill level 5 in Fighting
    33 | D        | Reached skill level 5 in Polearms
    33 | D        | Reached skill level 5 in Armour
    33 | D        | Reached XP level 2. HP: 29/29 MP: 1/1
    33 | D        | Reached XP level 3. HP: 36/36 MP: 2/2
    34 | D        | Reached skill level 6 in Polearms
    48 | D        | Killed an ice beast
    49 | D        | Reached skill level 9 in Polearms
    49 | D        | Reached XP level 4. HP: 24/47 MP: 3/3
    49 | D        | Reached XP level 5. HP: 26/52 MP: 4/4
    57 | D        | Found a snail-covered altar of Cheibriados.
    57 | D        | Found a shadowy altar of Dithmenos.
    57 | D        | Found a white marble altar of Elyvilon.
    57 | D        | Found a blossoming altar of Fedhas.
    57 | D        | Found an opulent altar of Gozag.
    58 | D        | Found a hazy altar of Hepliaklqana.
    59 | D        | Found a viscous altar of Jiyva.
    60 | D        | Found an ancient bone altar of Kikubaaqudgha.
    61 | D        | Found a corrupted altar of Lugonu.
    62 | D        | Found a burning altar of Makhleb.
    63 | D        | Found a sparkling altar of Nemelex Xobeh.
    64 | D        | Found an iron altar of Okawaru.
    65 | D        | Found a stormy altar of Qazlal.
    66 | D        | Found a sacrificial altar of Ru.
    69 | D        | Became a worshipper of Gozag Ym Sagoz the Greedy
    72 | D        | Found a shimmering blue altar of Sif Muna.
    73 | D        | Found a bloodstained altar of Trog.
    74 | D        | Found a hide-covered altar of Uskayaw.
    75 | D        | Found a radiant altar of Vehumet.
    76 | D        | Found an ornate altar of the Wu Jian Council.
    77 | D        | Found a shimmering altar of Xom.
    78 | D        | Found a basalt altar of Yredelemnul.
    79 | D        | Found a glowing silver altar of Zin.
    80 | D        | Found a glowing golden altar of the Shining One.
   154 | D        | Noticed a troll
   154 | D        | Noticed a centaur
   154 | D        | Noticed an orc warrior
   159 | D        | Reached skill level 10 in Polearms
   161 | D        | Killed a troll
   162 | D        | Reached skill level 12 in Polearms
   162 | D        | Reached XP level 6. HP: 44/64 MP: 5/5
   164 | D        | Reached XP level 7. HP: 50/71 MP: 6/6
   169 | D        | Reached skill level 10 in Fighting
   169 | D        | Reached skill level 13 in Polearms
   169 | D        | Reached skill level 10 in Armour
   286 | D        | Noticed a troll
   286 | D        | Noticed a tengu conjurer
   286 | D        | Noticed a two-headed ogre
   286 | D        | Noticed a boulder beetle
   286 | D        | Noticed a brown ugly thing
   293 | D        | Killed a troll
   294 | D        | Reached skill level 14 in Polearms
   296 | D        | Killed a tengu conjurer
   297 | D        | Reached XP level 8. HP: 56/82 MP: 7/7
   298 | D        | Killed a two-headed ogre
   299 | D        | Reached skill level 16 in Polearms
   306 | D        | Killed a boulder beetle
   307 | D        | Reached skill level 17 in Polearms
   307 | D        | Reached XP level 9. HP: 42/93 MP: 8/8
   312 | D        | Killed a brown ugly thing
   313 | D        | Reached skill level 18 in Polearms
   528 | D        | Noticed a komodo dragon
   548 | D        | Killed a komodo dragon
   556 | D        | Reached skill level 19 in Polearms
   636 | D        | Noticed a five-headed hydra
   636 | D        | Noticed a komodo dragon
   636 | D        | Noticed a komodo dragon
   636 | D        | Noticed an elephant
   636 | D        | Noticed a cane toad
   643 | D        | Killed an 11-headed hydra
   644 | D        | Reached XP level 10. HP: 96/104 MP: 9/9
   648 | D        | Noticed a skyshark
   649 | D        | Reached skill level 15 in Fighting
   649 | D        | Reached skill level 20 in Polearms
   649 | D        | Reached skill level 15 in Armour
   652 | D        | Killed an elephant
   666 | D        | Killed a cane toad
  1088 | D        | Killed a skyshark
  1089 | D        | Reached skill level 21 in Polearms
  1135 | D        | Noticed a dire elephant
  1135 | D        | Noticed a dire elephant
  1135 | D        | Noticed an elephant
  1135 | D        | Noticed an elephant
  1135 | D        | Noticed an elephant
  1135 | D        | Noticed an elephant
  1141 | D        | Killed a dire elephant
  1150 | D        | Killed a dire elephant
  1151 | D        | Reached XP level 11. HP: 21/115 MP: 10/10
  1155 | D        | Reached skill level 22 in Polearms
  1540 | D        | Noticed Maurice
  1558 | D        | Killed Maurice
  1709 | D        | Noticed Joseph
  1718 | D        | Killed Joseph
  1719 | D        | Reached skill level 23 in Polearms
  1753 | D        | Noticed an orc high priest
  1753 | D        | Noticed a stone giant
  1760 | D        | Killed an orc high priest
  1767 | D        | Killed a stone giant
  1974 | D        | Noticed an orc high priest
  1974 | D        | Noticed an orc knight
  1980 | D        | Noticed an orc knight
  1987 | D        | Killed an orc high priest
  1992 | D        | Killed an orc knight
  1993 | D        | Reached skill level 24 in Polearms
  2000 | D        | Killed an orc knight
  2238 | D        | Found Vastadwa's Book Emporium.
  2238 | D        | Noticed an orc knight
  2238 | D        | Noticed an orc knight
  2238 | D        | Noticed an orc knight
  2241 | D        | Noticed an orc knight
  2245 | D        | Killed an orc knight
  2255 | D        | Found Kailulad's Antique Armour Shoppe.
  2259 | D        | Killed an orc knight
  2263 | D        | Killed an orc knight
  2264 | D        | Reached XP level 12. HP: 38/128 MP: 11/11
  2271 | D        | Reached skill level 25 in Polearms
  2561 | D        | Found Akannaw's Assorted Antiques.
  2565 | D        | Found Tudamoy's Magic Scroll Shoppe.
  2791 | D        | Bought a blackened peridot ring for 125 gold pieces
  2791 | D        | Bought 2 lumpy cyan potions for 45 gold pieces
  2791 | D        | Bought a murky ruby potion for 22 gold pieces
  2791 | D        | Bought a scroll labelled IMOINA PUUDE for 25 gold pieces
  2791 | D        | Bought a scroll labelled MIUDAO JORIHAE for 25 gold pieces
  2793 | D        | Bought a scroll of silence for 133 gold pieces
  2793 | D        | Bought a scroll of poison for 56 gold pieces
  2793 | D        | Bought a scroll of butterflies for 56 gold pieces
  2793 | D        | Bought a scroll of brand weapon for 133 gold pieces
  2793 | D        | Bought a scroll of identify for 28 gold pieces
  2793 | D        | Bought a scroll of enchant weapon for 105 gold pieces
  2793 | D        | Bought a scroll of fear for 56 gold pieces
  2793 | D        | Bought 3 scrolls of acquirement for 2184 gold pieces
  2823 | D        | Bought a brown potion for 25 gold pieces
  2823 | D        | Bought a potion of curing for 84 gold pieces
  2823 | D        | Bought a murky ruby potion for 25 gold pieces
  2823 | D        | Bought a purple potion for 25 gold pieces
  2823 | D        | Bought a phial of floods for 1120 gold pieces
  2826 | D        | Bought the ring "Ceink" {rPois rF- Str+2 Slay+6} for 691
                  | gold pieces
  2833 | D        | Bought 2 potions of haste for 300 gold pieces
  2833 | D        | Bought a piece from Xom's chessboard (15/15) for 300 gold
                  | pieces
  3029 | D        | Reached XP level 13. HP: 137/137 MP: 12/12
  3034 | D        | Acquired a manual of Conjurations
  3036 | D        | Acquired 975 gold pieces
  3038 | D        | Acquired the ring "Mammergh" {rElec rCorr AC+4 Int+8}
  3048 | D        | Reached skill level 26 in Polearms
  3060 | D        | Noticed a stone giant
  3063 | D        | Noticed an ettin
  3067 | D        | Reached skill level 27 in Polearms
  3070 | D        | Reached skill level 1 in Dodging
  3070 | D        | Reached skill level 1 in Evocations
  3078 | D        | Killed a stone giant
  3079 | D        | Reached skill level 5 in Shields
  3082 | D        | Killed an ettin
  3388 | D        | Noticed Azrael
  3396 | D        | Killed Azrael
  3404 | D        | Noticed Rupert
  3409 | D        | Killed Rupert
  3410 | D        | Reached skill level 5 in Dodging
  3597 | D        | Reached skill level 5 in Evocations
  3669 | D        | Noticed a fenstrider witch
  3672 | D        | Killed a fenstrider witch
  3673 | D        | Reached XP level 14. HP: 143/151 MP: 13/13
  3692 | D        | Reached skill level 10 in Shields
  3999 | D        | Noticed an emperor scorpion
  4016 | D        | Killed an emperor scorpion
  4017 | D        | Reached skill level 10 in Dodging
  4290 | D        | Noticed Aizul
  4295 | D        | Killed Aizul
  4312 | D        | Noticed Donald
  4321 | D        | Killed Donald
  4382 | D        | Noticed a fire giant
  4385 | D        | Noticed a stone giant
  4397 | D        | Noticed a frost giant
  4398 | D        | Noticed a fire giant
  4401 | D        | Killed a fire giant
  4402 | D        | Noticed a tengu reaver
  4402 | D        | Killed a stone giant
  4404 | D        | Killed a frost giant
  4405 | D        | Noticed a purple very ugly thing
  4406 | D        | HP: 2/157 [fire giant/bolt of fire (37)]
  4440 | D        | Killed a fire giant
  4441 | D        | Reached skill level 10 in Evocations
  4452 | D        | Killed a tengu reaver
  4453 | D        | HP: 5/157 [purple very ugly thing (10)]
  4456 | D        | Killed a purple very ugly thing
  4457 | D        | Slain by a spriggan berserker

Illustrated notes

Levels and vault maps discovered:
D:        linesprint [early_d, line_temple, items_1, d_10, items_2, lair_1,
          lair_end, items_3, orc_1, orc_end, items_4, d_15, swamp_1, shoals_1,
          snake_1, spider_1, d_20, vaults_1, items_5, swamp_end, shoals_end,
          snake_end, spider_end, vaults_end, d_27, items_6, zot_1, zot_end,
          crypt_end, forest_end, elf_end, slime_end, tomb_end, abyss_end,
          pan_hell_end]

Skill      XL: |  1  2  3  4  5  6  7  8  9 10 11 12 13 14 |
---------------+-------------------------------------------+-----
Polearms       | 5 9 12 14 17 19 21 24 25 27 | 27.0
Fighting       | 5 7 9 11 13 14 16 18 19 21 23 | 23.5
Armour         | 5 7 9 11 13 14 16 18 19 21 23 | 23.5
Dodging        | 7 12 | 12.3
Shields        | 8 13 | 13.8
Evocations     | 5 10 | 10.4

Action                     |  1- 3 |  4- 6 |  7- 9 | 10-12 | 13-15 || total
---------------------------+-------+-------+-------+-------+-------++-------
  Melee: Trident           |    37 |     2 |       |       |       ||    39
         Headbutt          |     6 |       |    11 |    51 |    32 ||   100
         Halberd           |       |     8 |    74 |   242 |       ||   324
         Bardiche          |       |       |       |       |   172 ||   172
 Invoke: Call Merchant     |       |       |       |     3 |       ||     3
    Use: Potion            |       |       |     3 |    11 |     8 ||    22
         Scroll            |       |       |       |     8 |    11 ||    19
   Stab: Distracted        |       |       |       |     1 |     1 ||     2
 Armour: Scale mail        |    14 |     3 |     6 |       |       ||    23
         Plate armour      |       |       |    35 |    91 |    25 ||   151
         Storm dragon scal |       |       |       |       |   103 ||   103
  Dodge: Dodged            |    11 |     4 |    14 |    34 |    77 ||   140
  Block: Buckler           |     7 |       |       |       |       ||     7
